Description

Made so I can reference it with the ST overlay. (taken from beastyqt's top 10 protoss cheeses)

Chrono the first 2 adepts as soon as 2nd gateway finishes and send out to pressure. Goal is to cripple their economy as much as possible.

Build 3rd gateway across the map close to enemy natural to warp in more adepts.

Can work against Protoss too. If they wall off you need to use adepts' shade to bypass the wall and harass the mineral lines.

Terran SCVs have 5 more hp than drones and probes, so 2 adepts will not instant kill 1 SCV.

Build a new pylon every warp in to not get supply blocked, finish the game with mass adept and DTs to hunt down workers. 1 DT in main and 1 in natural should be enough, but you can warp in more if they don't get detection.

Replay - Top 10 Protoss Cheeses PvZ 1 Base Adept+DT Game 4

Build Order

Get SALT Encoding   

  14  0:18  Pylon  
  15  0:39  Gateway  
  17  0:51  Assimilator  
  17  0:57  Assimilator  
  19  1:10  Gateway  
  20  1:26  Cybernetics Core  
  21  1:34  Pylon  
  22  1:52  Warp Gate  
  28  2:13  Twilight Council  
  28  2:22  Pylon  
  28  2:31  Resonating Glaives  
  28  2:36  Pylon  
  32  2:56  Gateway  
  32  3:06  Dark Shrine  
  36  3:35  Gateway x2  
  36  3:45  Pylon  
  40  4:23  Pylon  
  40  4:32  Dark Templar x2  
Spawning Tool Build Advisor. Get it on Overwolf

Go to:

Details

  • Created by: entry
  • Published on: Aug 08, 2019
  • Modified on: Aug 09, 2019
  • Patch: 4.7.1
Show
View Real Time Build Order
Export as new Build Order

Comments (0)

There are no comments. Be the first!

Create an account to comment!